Map: Romanticide LE

Players

milkicow

  • Race: Terran Terran
  • League: Grandmaster

HeroMarine - Winner!

  • Race: Terran Terran
  • League: Master

Event: DreamHack SC2 Masters 2021 Summer

VOD

Have the link to the VOD?

Description

Time

  • Played on: May 22, 2021, 2:30 p.m.
  • Length: 22:40

All games in this series

Show
View Real Time Build Order
Export as new Build Order

milkicow Terran 

Build Orders:  

Get SALT Encoding   

  12  0:00  SCV  
  13  0:12  SCV  
  14  0:17  Supply Depot  
  14  0:24  SCV  
  15  0:39  SCV  
  15  0:40  Barracks  
  16  0:43  Refinery  
  16  0:51  SCV  
  16  0:56  Refinery  
  17  1:03  SCV  
  18  1:15  SCV  
  19  1:27  Reaper, Orbital Command  
  19  1:28  Supply Depot  
  20  1:45  Factory  
  20  1:53  SCV  
  21  1:59  Barracks Reactor  
  21  2:05  SCV  
  22  2:20  Command Center  
  22  2:23  SCV  
  23  2:30  Starport  
  24  2:37  SCV  
  24  2:41  Hellion  
  28  2:44  Hellion  
  28  2:49  Supply Depot  
  28  2:52  SCV  
  28  2:55  Barracks Tech Lab  
  29  3:02  Hellion  
  31  3:11  Hellion, Medivac  
  35  3:13  SCV  
  36  3:20  Refinery  
  36  3:25  SCV  
  37  3:35  Orbital Command  
  37  3:37  SCV  
  37  3:38  Cyclone  
  37  3:40  Marine  
  42  3:42  Marine  
  42  3:47  Starport Tech Lab  
  43  3:50  SCV  
  43  4:01  Marine x2  
  43  4:02  SCV x2  
  47  4:05  Raven  
  49  4:13  Siege Tank  
  49  4:14  SCV x2  
  54  4:31  SCV x2  
  54  4:35  Marine x2, Supply Depot  
  54  4:56  SCV x2, Raven, Marine, Siege Tank  
  54  4:57  Supply Depot  
  62  5:06  Command Center  
  62  5:07  Marine  
  62  5:08  SCV  
  62  5:17  Supply Depot  
  62  5:19  SCV, Marine  
  62  5:20  SCV  
  65  5:31  SCV, Siege Tank  
  65  5:33  SCV  
  70  5:41  Raven, Supply Depot  
  72  5:43  Refinery, SCV  
  72  5:45  SCV  
  74  5:55  SCV, Marine x2  
  74  5:57  SCV  
  74  6:00  Barracks x2  
  75  6:04  Supply Depot  
  75  6:05  Siege Tank  
  75  6:07  SCV  
  75  6:09  SCV  
  71  6:19  SCV  
  71  6:20  Marine x2  
  71  6:21  Orbital Command, SCV  
  71  6:24  Engineering Bay  
  71  6:25  Engineering Bay  
  73  6:27  Supply Depot  
  70  6:34  SCV  
  70  6:37  SCV  
  70  6:38  Marine, Siege Tank  
  76  6:47  SCV  
  69  6:49  SCV  
  70  6:59  SCV  
  70  7:00  Terran Infantry Weapons Level 1  
  70  7:01  Terran Infantry Armor Level 1, Orbital Command  
  69  7:04  Barracks Reactor x2  
  69  7:08  SCV  
  69  7:10  Stimpack, Siege Tank  
  69  7:12  SCV  
  73  7:18  Viking x2  
  73  7:19  Marine  
  73  7:22  SCV  
  79  7:25  SCV  
  79  7:27  SCV  
  81  7:34  SCV  
  82  7:37  SCV  
  82  7:39  SCV  
  82  7:42  Siege Tank  
  87  7:45  Marine  
  87  7:46  SCV, Marine x3  
  87  7:49  SCV  
  91  7:52  SCV  
  91  7:55  Marine, Viking x2  
  97  7:59  SCV  
  97  8:02  SCV  
  97  8:04  SCV, Orbital Command  
  97  8:05  Marine  
  100  8:06  Marine x2  
  100  8:07  Marine  
  100  8:11  SCV  
  105  8:14  SCV  
  105  8:17  Marine  
  107  8:23  SCV  
  107  8:26  SCV  
  97  8:29  Marine x2  
  97  8:30  Medivac x2, Siege Tank  
  97  8:31  Marine  
  97  8:32  Marine  
  108  8:34  Barracks x2  
  108  8:35  SCV x2  
  108  8:36  Refinery  
  108  8:37  Refinery, Armory  
  108  8:38  SCV  
  108  8:39  Supply Depot x2  
  111  8:43  Marine  
  111  8:47  SCV x2, Marine  
  115  8:50  SCV, Combat Shield  
  114  8:59  SCV x2  
  114  9:02  SCV, Marine x2  
  119  9:03  Missile Turret  
  119  9:11  SCV x2  
  119  9:12  Marine  
  119  9:13  Siege Tank  
  119  9:14  SCV  
  119  9:16  Supply Depot  
  126  9:23  SCV, Marine  
  128  9:26  Marine x2  
  128  9:27  Marine  
  128  9:29  Marine  
  131  9:36  SCV, Marine, Medivac  
  131  9:37  Marine  
  131  9:38  Medivac  
  120  9:39  SCV  
  120  9:41  Marine  
  120  9:43  SCV  
  120  9:44  Terran Infantry Weapons Level 2, Marine x2  
  120  9:45  Siege Tank  
  118  9:48  SCV  
  118  9:50  Terran Infantry Armor Level 2  
  118  9:52  Barracks Reactor x2  
  118  9:59  Command Center  
  118  10:00  Marine x2  
  118  10:04  SCV, Terran Vehicle Weapons Level 1  
  118  10:06  SCV  
  122  10:11  SCV  
  122  10:12  Viking x2  
  127  10:16  Marine  
  127  10:19  Factory  
  128  10:21  Marine x3  
  128  10:22  Barracks Reactor, SCV  
  128  10:25  Sensor Tower  
  128  10:28  Missile Turret  
  131  10:32  Marine x2, Siege Tank  
  131  10:33  SCV  
  137  10:35  Marine  
  137  10:36  Supply Depot  
  137  10:38  Supply Depot  
  137  10:39  Marine  
  137  10:40  Marine  
  137  10:41  Marine  
  137  10:42  SCV  
  139  10:51  SCV  
  139  10:53  Marine  
  141  10:57  Marine x2  
  141  10:58  Viking x2  
  141  11:00  Starport x2  
  141  11:01  SCV x2  
  148  11:04  Supply Depot  
  148  11:10  Refinery, SCV  
  145  11:12  Refinery  
  146  11:18  SCV  
  146  11:20  Marine  
  146  11:22  Marine, Missile Turret  
  146  11:23  Marine x4  
  152  11:27  Siege Tank  
  152  11:32  SCV, Marine  
  157  11:39  Viking x2  
  161  11:44  Starport Tech Lab x2  
  162  11:47  SCV x3  
  162  11:48  Marine x3  
  167  11:54  Marine  
  167  11:57  Planetary Fortress  
  168  12:03  Siege Tank  
  168  12:05  Raven x2  
  168  12:06  Sensor Tower  
  176  12:13  Viking x2  
  180  12:17  Supply Depot  
  180  12:20  Command Center  
  180  12:23  Terran Infantry Weapons Level 3  
  183  12:34  Command Center  
  183  12:35  Missile Turret  
  181  12:38  Terran Infantry Armor Level 3  
  181  12:40  Terran Ship Weapons Level 1  
  177  12:45  Missile Turret  
  177  12:50  Raven, Command Center  
  179  13:00  SCV, Raven  
  179  13:01  Command Center, Missile Turret  
  182  13:05  SCV  
  182  13:07  Marine  
  182  13:08  Supply Depot  
  182  13:09  Marine  
  185  13:13  Siege Tank  
  187  13:30  Missile Turret  
  187  13:31  Supply Depot  
  187  13:32  Viking  
  187  13:33  Raven  
  189  13:34  Starport  
  189  13:35  Starport  
  189  13:46  Orbital Command  
  188  13:48  Raven  
  188  13:49  Viking  
  188  13:50  Orbital Command  
  188  13:53  Refinery  
  192  13:55  Refinery  
  192  14:00  Missile Turret  
  192  14:02  Command Center, Viking  
  190  14:07  Siege Tank  
  190  14:09  Marine  
  185  14:13  Siege Tank  
  185  14:15  Viking  
  190  14:19  Viking  
  192  14:28  Marine x2  
  194  14:38  Terran Ship Weapons Level 2  
  194  14:39  Armory, Missile Turret  
  194  14:42  Missile Turret  
  194  14:43  Missile Turret  
  194  14:49  Planetary Fortress  
  194  14:50  Orbital Command  
  194  14:54  Raven  
  194  14:57  Command Center  
  196  15:00  Neosteel Armor  
  196  15:11  Command Center  
  183  15:15  Hi-Sec Auto Tracking, Raven  
  183  15:16  Planetary Fortress  
  183  15:19  Marine  
  183  15:20  Missile Turret  
  183  15:21  Siege Tank  
  184  15:29  Siege Tank  
  182  15:37  Raven  
  180  15:44  Command Center  
  180  15:45  Missile Turret  
  180  15:46  SCV, Missile Turret  
  180  15:49  Marine  
  177  15:50  Marine x9  
  177  15:53  Siege Tank  
  177  15:54  SCV  
  185  15:58  Raven, Corvid Reactor  
  185  16:04  SCV  
  186  16:07  Marine  
  186  16:08  Marine x2  
  188  16:16  Marine  
  189  16:20  Raven  
  189  16:21  Marine  
  192  16:27  Missile Turret  
  192  16:28  Siege Tank  
  192  16:29  Missile Turret  
  192  16:30  Missile Turret  
  180  16:45  Raven  
  180  16:46  Siege Tank  
  185  16:48  Barracks  
  185  16:49  Unknown  
  185  16:50  Missile Turret  
  182  16:55  Marine  
  182  16:58  Marine  
  182  16:59  Marine  
  180  17:04  Raven  
  180  17:05  Siege Tank  
  180  17:06  Starport Tech Lab x2, Marine x2  
  180  17:07  SCV  
  180  17:09  Marine x3  
  177  17:21  Hellbat  
  175  17:24  Marine  
  175  17:25  Marine x2  
  175  17:27  Raven  
  178  17:31  Planetary Fortress  
  178  17:36  SCV x3  
  168  17:37  SCV  
  156  17:46  SCV x3  
  149  17:52  Marine  
  149  17:53  SCV, Marine  
  149  17:55  Barracks Reactor  
  149  17:58  SCV  
  148  18:03  Planetary Fortress  
  148  18:04  SCV x2  
  148  18:06  SCV  
  137  18:14  SCV  
  137  18:15  SCV x2  
  137  18:16  SCV  
  137  18:17  SCV x2  
  137  18:18  Marine  
  140  18:20  SCV  
  140  18:26  SCV  
  142  18:32  SCV, Siege Tank  
  142  18:33  Marine x2  
  130  18:36  SCV  
  130  18:37  SCV  
  130  18:38  SCV  
  130  18:40  Marine  
  134  18:44  Siege Tank  
  134  18:45  SCV  
  138  18:49  SCV  
  138  18:55  Marine  
  139  18:56  Marine  
  139  18:57  Marine  
  139  18:58  SCV, Raven  
  139  19:00  SCV  
  139  19:02  SCV  
  140  19:03  SCV, Raven  
  140  19:04  Marine x4  
  140  19:09  SCV  
  147  19:13  SCV  
  147  19:15  SCV  
  147  19:16  SCV, Missile Turret  
  150  19:20  Medivac  
  150  19:21  Raven  
  154  19:25  SCV  
  154  19:28  Marine  
  154  19:31  SCV  
  137  19:33  Marine x2  
  137  19:34  Siege Tank  
  137  19:36  SCV  
  137  19:37  Marine  
  124  19:41  Viking  
  124  19:42  SCV x2  
  123  19:45  SCV  
  123  19:46  Missile Turret  
  123  19:48  SCV  
  123  19:50  Medivac  
  127  19:56  Medivac  
  127  19:57  SCV  
  129  20:02  SCV  
  129  20:03  SCV  
  129  20:04  SCV  
  129  20:05  SCV  
  129  20:06  SCV x2  
  128  20:08  Medivac x2  
  128  20:09  SCV  
  128  20:10  SCV  
  128  20:14  SCV  
  128  20:15  SCV  
  128  20:17  Raven  
  128  20:18  SCV  
  128  20:20  SCV x2  
  135  20:24  SCV  
  134  20:33  Missile Turret  
  131  20:42  SCV  
  131  20:43  SCV x2  
  131  20:47  SCV, Medivac  
  131  20:48  Medivac  
  134  20:50  SCV  
  134  20:54  SCV  
  134  20:57  Raven  
  135  21:02  Marine  
  135  21:03  Marine  
  135  21:04  SCV  
  137  21:09  SCV  
  137  21:14  Orbital Command  
  137  21:15  SCV  
  135  21:24  Marine  
  114  21:27  SCV  
  114  21:29  SCV  
  107  21:34  SCV  
  107  21:35  SCV  
  107  21:37  SCV  
  110  21:42  Marine  
  110  21:44  SCV  
  112  21:47  SCV  
  112  21:49  SCV  
  112  21:53  SCV  
  113  21:54  Marine  
  113  21:57  SCV  
  117  22:06  Marine  
  115  22:21  SCV x2  
  115  22:22  SCV  
  114  22:25  SCV x2  
Show
View Real Time Build Order
Export as new Build Order

HeroMarine Terran - Winner!

Build Orders:  

Get SALT Encoding   

  12  0:00  SCV  
  13  0:12  SCV  
  14  0:17  Supply Depot  
  14  0:24  SCV  
  15  0:38  SCV  
  15  0:40  Barracks  
  16  0:43  Refinery  
  16  0:50  SCV  
  16  0:52  Refinery  
  17  1:03  SCV  
  18  1:15  SCV  
  19  1:27  Orbital Command, Reaper  
  19  1:28  Supply Depot  
  20  1:40  Factory  
  20  1:52  SCV  
  21  1:59  Reaper  
  22  2:04  SCV  
  23  2:16  SCV  
  23  2:19  Command Center  
  24  2:25  Hellion  
  24  2:28  SCV  
  27  2:31  Barracks Reactor  
  27  2:35  Supply Depot  
  27  2:41  SCV  
  28  2:46  Widow Mine  
  28  2:50  Starport  
  30  2:54  SCV  
  31  3:06  SCV  
  31  3:07  Marine x2  
  31  3:08  Factory Tech Lab  
  34  3:15  Refinery  
  34  3:18  SCV  
  35  3:26  Starport Tech Lab  
  37  3:29  Cyclone  
  37  3:30  SCV  
  37  3:31  Orbital Command  
  39  3:36  Marine  
  39  3:37  Marine  
  41  3:42  SCV  
  41  3:46  Raven  
  44  3:54  SCV, Marine x2  
  47  3:58  SCV  
  47  4:01  Supply Depot  
  48  4:06  SCV  
  48  4:08  Siege Tank  
  52  4:11  SCV  
  53  4:18  SCV  
  53  4:24  SCV  
  47  4:27  Marine x2  
  47  4:30  SCV  
  50  4:36  SCV  
  50  4:42  SCV  
  55  4:48  SCV  
  55  4:51  Siege Tank  
  55  4:55  SCV  
  55  4:59  Viking x2, Supply Depot  
  60  5:01  SCV  
  60  5:07  SCV  
  62  5:14  Marine  
  62  5:16  SCV  
  62  5:19  SCV  
  65  5:23  Siege Tank  
  68  5:29  Viking x2  
  68  5:31  Supply Depot  
  68  5:32  SCV  
  68  5:33  SCV  
  68  5:35  Marine  
  73  5:44  SCV  
  73  5:45  SCV  
  74  5:53  Marine  
  74  5:55  Siege Tank  
  74  5:56  SCV  
  79  5:57  SCV  
  79  5:59  Viking x2  
  84  6:08  SCV  
  84  6:09  SCV  
  69  6:20  SCV  
  69  6:21  SCV  
  69  6:24  Command Center  
  70  6:29  Marine, Viking  
  70  6:32  SCV, Siege Tank  
  75  6:33  SCV  
  76  6:44  SCV  
  76  6:45  SCV  
  76  6:46  Marine  
  74  7:00  Stimpack  
  74  7:02  Barracks x2  
  74  7:04  Liberator, Viking  
  74  7:05  Marine  
  74  7:08  SCV x2  
  80  7:11  Refinery  
  80  7:13  Supply Depot  
  80  7:18  Supply Depot  
  80  7:20  SCV x2  
  82  7:23  Marine, Siege Tank  
  86  7:34  SCV x2  
  86  7:35  Orbital Command, Engineering Bay  
  86  7:36  Engineering Bay  
  88  7:38  Viking  
  90  7:47  SCV x2  
  90  7:49  Barracks  
  90  7:50  Barracks  
  90  7:51  Barracks Reactor x2  
  92  7:52  Marine  
  92  7:54  Viking  
  95  7:59  SCV x2  
  97  8:08  Viking  
  97  8:09  Marine  
  97  8:11  SCV x2  
  103  8:17  Orbital Command  
  102  8:23  SCV x2  
  102  8:27  Marine  
  102  8:28  Marine x2  
  102  8:29  Marine x2, Siege Tank  
  102  8:33  Terran Infantry Armor Level 1  
  104  8:35  SCV x2  
  104  8:42  Refinery, Combat Shield  
  104  8:44  Barracks Reactor, Refinery  
  104  8:45  Marine  
  104  8:46  SCV, Marine x4  
  104  8:47  SCV  
  104  8:48  SCV  
  112  8:50  Armory  
  112  8:51  Terran Infantry Weapons Level 1, Supply Depot  
  112  8:52  Marine  
  112  8:53  Starport Reactor  
  113  8:56  Marine  
  113  8:58  SCV  
  113  8:59  SCV  
  113  9:00  SCV  
  117  9:03  Sensor Tower  
  117  9:09  Supply Depot  
  117  9:13  SCV, Marine x4  
  117  9:15  Supply Depot  
  117  9:16  Siege Tank  
  125  9:18  Command Center  
  125  9:21  Armory  
  125  9:24  Marine x4  
  125  9:26  Supply Depot  
  125  9:30  Marine  
  125  9:31  Marine  
  131  9:35  SCV x2  
  131  9:36  SCV, Marine  
  131  9:37  Marine x2  
  117  9:42  Marine x3  
  117  9:44  Medivac  
  111  9:46  Medivac  
  111  9:47  SCV x2  
  111  9:49  Marine  
  111  9:50  Marine x2  
  111  9:51  Siege Tank  
  121  9:54  Factory, Marine  
  121  9:55  Marine x2  
  121  9:59  Marine  
  124  10:00  Marine x2  
  127  10:07  Marine x2  
  127  10:10  Terran Vehicle Weapons Level 1  
  127  10:12  Marine x2  
  127  10:13  Barracks Reactor, Marine  
  132  10:17  Marine, Medivac x2  
  132  10:18  Marine  
  132  10:19  SCV, Marine  
  132  10:20  SCV x2  
  142  10:27  Siege Tank  
  145  10:31  Refinery  
  145  10:33  Terran Infantry Armor Level 2  
  145  10:34  Marine x4  
  145  10:35  Refinery, Marine x2  
  148  10:47  Sensor Tower  
  148  10:49  Planetary Fortress  
  147  10:50  Marine x2  
  147  10:51  Marine x2  
  147  10:52  Terran Infantry Weapons Level 2, Marine  
  150  11:00  Siege Tank  
  153  11:07  Viking  
  153  11:11  Marine x4  
  158  11:17  Starport, Viking  
  158  11:18  Starport, Supply Depot  
  158  11:20  Marine x5  
  158  11:25  SCV  
  165  11:28  Missile Turret  
  165  11:30  SCV x2  
  167  11:37  Siege Tank  
  170  11:40  Supply Depot, Siege Tank  
  170  11:43  Command Center  
  170  11:44  Viking  
  174  11:47  Viking  
  176  11:56  Starport Tech Lab  
  176  11:57  Armory, Viking  
  176  11:58  Viking  
  180  12:03  Supply Depot  
  180  12:07  Terran Ship Weapons Level 1  
  178  12:14  Viking  
  180  12:17  Viking  
  180  12:19  Siege Tank x2  
  188  12:26  Command Center  
  188  12:27  Liberator x2, Command Center  
  193  12:40  Command Center  
  193  12:47  Refinery  
  193  12:48  Terran Vehicle And Ship Armor Level 1  
  193  12:49  Refinery  
  189  12:52  Terran Infantry Armor Level 3  
  189  12:56  Fusion Core  
  187  13:09  Terran Infantry Weapons Level 3  
  187  13:11  Starport Reactor x2  
  187  13:12  Missile Turret  
  187  13:13  Viking x2  
  187  13:14  Missile Turret  
  187  13:15  Missile Turret  
  187  13:19  Marine x6  
  193  13:24  Planetary Fortress, Siege Tank  
  195  13:31  Siege Tank  
  198  13:41  Orbital Command  
  198  13:43  Viking  
  198  13:47  Advanced Ballistics  
  198  13:48  Viking  
  198  13:55  Orbital Command  
  197  13:56  Command Center  
  197  13:59  Viking  
  196  14:03  Liberator  
  196  14:07  Liberator x2  
  195  14:12  Siege Tank  
  198  14:19  Terran Ship Weapons Level 2  
  198  14:25  Viking  
  198  14:30  Planetary Fortress  
  200  14:35  Command Center  
  199  14:42  Command Center  
  199  14:55  Terran Vehicle And Ship Armor Level 2  
  199  15:05  Sensor Tower  
  199  15:06  Missile Turret  
  199  15:10  Missile Turret  
  199  15:12  Viking x2  
  200  15:16  Orbital Command  
  200  15:19  Starport  
  200  15:20  Starport  
  198  15:35  Missile Turret  
  198  15:37  Viking  
  198  15:41  Viking  
  200  16:01  Refinery  
  200  16:03  Refinery  
  197  16:10  Viking  
  197  16:11  Viking x3  
  199  16:26  Starport Tech Lab, Starport Reactor, Orbital Command  
  199  16:29  Neosteel Armor, Hi-Sec Auto Tracking  
  199  16:39  Siege Tank  
  200  16:46  Viking  
  200  16:47  Viking  
  200  16:52  Viking x2  
  200  16:53  Marine x2  
  199  16:56  Siege Tank  
  199  16:57  Marine x2  
  199  16:59  Marine  
  199  17:00  Marine  
  194  17:03  Liberator x2  
  194  17:06  Marine x2  
  197  17:11  Siege Tank  
  197  17:19  Liberator x2  
  197  17:22  Liberator x2  
  182  17:25  Liberator x2  
  182  17:28  Marine x2, Siege Tank  
  182  17:31  Marine x3, Liberator  
  182  17:32  Marine x3  
  182  17:33  Marine x2  
  182  17:37  Orbital Command  
  191  17:43  Siege Tank  
  187  17:46  Liberator x2, Marine x2  
  187  17:49  Marine  
  190  17:56  Marine x2  
  190  17:58  Marine  
  190  17:59  Marine x3  
  190  18:01  Siege Tank  
  190  18:02  Liberator  
  189  18:13  Smart Servos  
  189  18:14  Marine  
  189  18:15  Marine, Siege Tank  
  189  18:17  Marine, Medivac x3  
  189  18:18  Marine x2  
  196  18:23  Viking  
  198  18:29  Marine  
  198  18:30  Marine  
  198  18:31  Viking  
  198  18:33  Orbital Command, Siege Tank  
  182  18:36  Marine x3  
  182  18:37  Marine  
  184  18:44  Marine x2  
  184  18:47  Siege Tank  
  189  18:48  SCV  
  189  18:49  SCV x3  
  193  18:56  Marine  
  193  18:59  Viking x3  
  193  19:01  Viking  
  196  19:04  Viking  
  196  19:09  Viking  
  200  19:29  Viking x2  
  200  19:30  Siege Tank  
  190  19:32  Marine x2  
  190  19:34  Marine x3  
  190  19:35  Marine  
  190  19:36  Viking x2  
  190  19:38  Marine  
  190  19:39  Marine, Siege Tank  
  190  19:44  Marine x2  
  197  19:48  Refinery, SCV x2  
  197  19:49  Marine  
  195  20:00  Viking x2  
  195  20:06  Marine  
  197  20:17  Viking  
  199  20:23  Orbital Command  
  199  20:28  Command Center  
  199  20:30  Command Center  
  199  20:34  Marine x2  
  190  20:45  Siege Tank x2  
  190  20:46  Viking x2  
  190  20:47  Viking x3  
  198  21:02  Marine x2  
  200  21:23  Marine x2  
  200  21:25  Command Center x2, Viking  
  197  21:28  Viking x2  
  197  21:30  Medivac x2  
  169  21:33  Liberator  
  172  21:40  Liberator  
  172  21:42  Liberator  
  178  21:54  Marine x2, Siege Tank  
  176  21:59  Medivac x2  
  176  22:00  SCV  
  176  22:01  SCV x2  
  185  22:03  Starport Tech Lab  
  185  22:05  Orbital Command  
  185  22:09  Orbital Command  
Tags
 
Add a new tag
Caveats
  • Supply blocks, unpowered buildings, or Contaminate may cause inaccurate times.
  • Supply counts are checked every 10 seconds.